AoeStats
← Baudouin IV

Arabia

509359853Analyzed
2v2 RM · 5d ago on Sep 26, 2026· 130m 2s· 4 players
Game mode
Random Map
Map size
Medium (4 player)
Population
200
Speed
Normal
Resources
Standard
Victory
Conquest
Starting age
Dark Age
Ending age
Imperial Age
RankedLock teamsTeams togetherTeam positionsShared explorationLock speedFull tech treeHidden civsTurbo modeCheats
Victory
Defeat
🇫🇷 Spanish · France
841
+15
🇫🇷 Bulgarians · France
800
+17
🇷🇺 Poles · Russia
826
-16
🇯🇵 Turks · Japan
817
-16
Baudouin IV
7:24 Loom
11:59 Feudal Age
12:30 Double-Bit Axe
15:52 Horse Collar
16:05 Gold Mining
18:22 Stone Mining
22:25 Castle Age
22:03 Fletching
23:11 Bodkin Arrow
23:51 Bow Saw
23:44 Heavy Plow
24:22 Stone Shaft Mining
26:30 Wheelbarrow
27:02 Padded Archer Armor
29:08 Leather Archer Armor
33:34 Imperial Age
33:35 Hand Cart
33:55 Forging
33:47 Murder Holes
34:13 Ballistics
35:37 Conscription
35:54 Ring Archer Armor
35:24 Bracer
38:58 Iron Casting
39:31 Two-Man Saw
38:22 Town Watch
38:19 Elite Conquistador
45:04 Town Patrol
46:09 Blast Furnace
50:31 Scale Barding Armor
50:00 Light Cavalry
51:12 Bloodlines
51:02 Husbandry
51:10 Hussar
52:42 Chain Barding Armor
55:40 Plate Barding Armor
78:10 Caravan
pi le pain
12:39 Feudal Age
14:16 Bloodlines
21:17 Double-Bit Axe
21:27 Horse Collar
27:43 Wheelbarrow
27:42 Forging
27:38 Scale Barding Armor
30:01 Castle Age
28:20 Stone Mining
28:20 Gold Mining
28:27 Gold Mining
32:35 Husbandry
31:57 Light Cavalry
33:44 Iron Casting
34:25 Bow Saw
34:24 Heavy Plow
35:13 Chain Barding Armor
37:50 Hand Cart
53:29 Imperial Age
54:47 Gold Shaft Mining
56:07 Blast Furnace
56:25 Plate Barding Armor
56:48 Stone Shaft Mining
56:31 Caravan
57:29 Elite Konnik
63:14 Scale Mail Armor
71:31 Chain Mail Armor
81:58 Hussar
89:50 Bagains
89:46 Stirrups
90:13 Conscription
Teodeush
12:02 Feudal Age
13:57 Loom
18:02 Castle Age
18:10 Pikeman
18:44 Double-Bit Axe
19:10 Horse Collar
20:39 Heavy Plow
21:10 Scale Mail Armor
21:21 Forging
22:19 Squires
23:53 Bow Saw
25:34 Chain Mail Armor
30:07 Elite Skirmisher
30:59 Thumb Ring
35:35 Wheelbarrow
36:06 Wheelbarrow
36:41 Iron Casting
36:08 Padded Archer Armor
35:59 Fletching
36:12 Padded Archer Armor
40:06 Imperial Age
39:55 Hand Cart
42:37 Lechitic Legacy
44:09 Scale Barding Armor
44:00 Bodkin Arrow
44:20 Leather Archer Armor
45:09 Blast Furnace
46:39 Chain Barding Armor
46:20 Bracer
46:38 Bloodlines
45:49 Light Cavalry
46:31 Husbandry
47:27 Winged Hussar
50:25 Crop Rotation
50:25 Arrowslits
51:15 Masonry
51:12 Siege Engineers
55:08 Plate Mail Armor
55:50 Cavalier
65:17 Ballistics
l0sts0u12
2:41 Loom
10:49 Feudal Age
11:24 Horse Collar
16:05 Bloodlines
23:59 Wheelbarrow
27:57 Castle Age
32:45 Husbandry
36:08 Hand Cart
36:55 Double-Bit Axe
37:34 Heavy Plow
40:58 Scale Barding Armor
41:04 Forging
48:25 Chain Barding Armor
48:42 Iron Casting
53:01 Imperial Age
55:38 Blast Furnace
57:17 Town Watch
58:23 Plate Barding Armor
59:14 Bow Saw
61:11 Heavy Camel Rider
71:25 Caravan
80:02 Two-Man Saw
Connection lost

Rejoining the realm…

Still unreachable

The connection could not be restored.

Session expired

The server has moved on; the page needs a fresh start.